 Dungeon Crawl Stone Soup version 0.28-a0-475-g7dc2aef8ca (webtiles) character file.

Game seed: 10919763069632181824

25 MacCMillion the Shield-Bearer (level 2, 0/24 HPs)
             Began as a Demonspawn Fighter on Sept 16, 2021.
             Was a Follower of Dithmenos.
             Slain by an adder (3 damage)
             ... on level 2 of the Dungeon.
             The game lasted 00:02:41 (787 turns).

MacCMillion the Shield-Bearer (Demonspawn Fighter)   Turns: 787, Time: 00:02:42

Health: 0/24       AC:  6    Str: 16    XL:     2   Next: 86%
Magic:  2/2        EV:  9    Int:  9    God:    Dithmenos [*.....]
Gold:   56         SH:  4    Dex: 12    Spells: 1/1 levels left

rFire   . . .      SeeInvis .   a - +0 rapier
rCold   . . .      Faith    .   c - +0 buckler
rNeg    . . .      Spirit   .   b - +0 scale mail
rPois   .          Reflect  .   (no helmet)
rElec   .          Harm     .   (no cloak)
rCorr   .          Rampage  .   (no gloves)
Will    .....                   (no boots)
Stlth   ..........              (no amulet)
HPRegen 0.08/turn               (no ring)
MPRegen 0.08/turn               (no ring)

@: mighty, lethally poisoned (0 -> -10), wreathed by umbra
A: talons 1
a: Renounce Religion


You were on level 2 of the Dungeon.
You worshipped Dithmenos.
Dithmenos was aware of your devotion.
You visited 1 branch of the dungeon, and saw 2 of its levels.

You collected 56 gold pieces.

Inventory:

Hand Weapons
 a - a +0 rapier (weapon)
Armour
 b - a +0 scale mail (worn)
 c - a +0 buckler (worn)
Jewellery
 e - an amulet of the acrobat
Potions
 f - a potion of heal wounds {unknown}
 g - a potion of curing {unknown}


   Skills:
 - Level 3.0 Fighting
 + Level 2.2 Short Blades
 - Level 2.6 Armour
 * Level 3.4 Shields


You had one spell level left.
You didn't know any spells.
Your spell library was empty.

Dungeon Overview and Level Annotations

Branches:
Dungeon (2/15)

Altars:
Dithmenos


Innate Abilities, Weirdness & Mutations

You have sharp toenails.


Message History

You climb downwards.
The endoplasm quivers.
The adder hisses angrily.
Found a scroll labelled QEPIOKLUKE.
There is a stone staircase leading up here.
There are monsters nearby!
The endoplasm closely misses you.
You puncture the endoplasm!
You kill the endoplasm!
Dithmenos accepts your kill. The adder bites you but does no damage.
You closely miss the adder. You block the adder's attack.
You closely miss the adder. Your kick misses the adder. The adder bites you.
You are poisoned.
The adder poisons you!
You hit the adder. Your kick misses the adder.
The adder is moderately wounded.
You feel sick. The adder bites you.
You are more poisoned.
The adder poisons you! The adder bites you.
You are lethally poisoned!
The adder poisons you!
You feel very mighty all of a sudden.
You feel very sick. The adder bites you.
You are more poisoned.
The adder poisons you!
Okay, then.
You are too injured to fight recklessly!
You miss the adder. You claw the adder.
The adder is heavily wounded.
* * * LOW HITPOINT WARNING * * *
You feel very sick. The adder barely misses you.
You closely miss the adder.
The adder is heavily wounded.
* * * LOW HITPOINT WARNING * * *
You feel very sick. The adder barely misses you. The adder bites you.
You die...

#. .# #.. #. .#
#..##.# .##
....... .. .
.......##.# .#.
........?.##....
#.......<.......
................
..##..@........
......S.........
................
................
##..............
#.##...#....##.
#. #........# #
#...#.#..#


You could see an adder.

Vanquished Creatures
  3 dart slugs (D:1)
  5 endoplasms
  A hobgoblin (D:1)
  3 kobolds (D:1)
  A bat (D:1)
  A frilled lizard (D:1)
  2 goblins (D:1)
  4 rats (D:1)
20 creatures vanquished.

Notes
Turn   | Place    | Note
-------+----------+-------------------------------------------
     0 | D:1      | MacCMillion the Demonspawn Fighter began the quest for the
                  | Orb.
     0 | D:1      | Reached XP level 1. HP: 18/18 MP: 1/1
   192 | D:1      | Gained mutation: You have sharp toenails. [demonic
                  | ancestry]
   192 | D:1      | Reached XP level 2. HP: 15/24 MP: 2/2
   338 | D:1      | Found a faded altar of an unknown god.
   342 | D:1      | Became a worshipper of Dithmenos the Shadowed
   342 | D:1      | Reached * piety under Dithmenos
   787 | D:2      | Slain by an adder

Illustrated notes

Levels and vault maps discovered:
D:1:      minmay_arrival_solitary_statue, layout_rooms,
          shapermc_ecumenical_altar_acropolis, st_stairs_11,
          chequers_serial_rivers_small_b, grunt_decor_junction,
          solitary_fountain
D:2:      layout_basic, basic_altar

Skill      XL: |  1 |
---------------+----+-----
Short Blades   | 2 |  2.2
Shields        | 3 |  3.4
Fighting       | |  3.0
Armour         | |  2.6

Action                   || total
-------------------------++-------
Melee: Rapier            ||    43
       Kick              ||     5
  Use: Potion            ||     1
Armor: Scale mail        ||    19
Dodge: Dodged            ||    22
Block: Buckler           ||     6

Table legend: (Time is in decaauts)
 A = Elapsed time spent in this place.
 B = Non-inter-level travel time spent in this place.
 C = Inter-level travel time spent in this place.
 D = Time resting spent in this place.
 E = Time spent auto-exploring this place.
 F = Levels seen in this place.
 G = Mean time per level.
                   A        B        C        D        E       F      G
               +--------+--------+--------+--------+--------+-----+--------+
         Total |    792 |    770 |     22 |      0 |    637 |   2 |  396.0 |
       Dungeon |    792 |    770 |     22 |      0 |    637 |   2 |  396.0 |
               +--------+--------+--------+--------+--------+-----+--------+

Top non-repeatable levels by time:
     D:1: 783 daAuts
     D:2: 9 daAuts
